[Event "26th Womens ECCC 2022"]
[Site "Mayrhofen"]
[Date "2022.10.06"]
[Round "4.23"]
[White "Urh, Zala"]
[Black "Djukic, Sandra"]
[Result "1-0"]
[ECO "A57"]
[WhiteElo "2221"]
[BlackElo "2138"]
[Annotator "TA"]
[PlyCount "109"]
[EventDate "2022.10.03"]
[EventType "team-tourn"]
[EventCountry "AUT"]
[SourceTitle "playchess.com"]
[Source "ChessBase"]
[SourceQuality "1"]
[TimeControl "40/5400+30:1800+30"]

1. d4 Nf6 2. c4 c5 3. d5 b5 4. Nf3 g6 5. Qc2 bxc4 6. e4 Bg7 7. Bxc4 d6 8. O-O O-O 9. h3 {[%emt 0:11:10] 9.h3 was played by the boomers.} a5 {[%emt 0:05:04] A57: Benko/Volga Gambit.} 10. Bf4 {[%emt 0:08:13] [#]} Na6 $146 ({Predecessor:} 10... Ba6 11. Nbd2 Nbd7 12. Rad1 Ne8 13. Rfe1 Nb6 14. b3 a4 15. e5 axb3 16. axb3 Nc7 17. exd6 exd6 {1-0 (68) Bensdorp,M (2228)-Worek,J (2316) Monte Carlo 2019}) 11. a3 {[%emt 0:14:13] Against Nb4} Nc7 {[%emt 0:05:52] The position is equal.} 12. Nc3 Ba6 13. Nd2 Nd7 14. Bh2 Qc8 15. Bxa6 Qxa6 16. a4 Ne5 17. Bxe5 Bxe5 18. b3 Qb7 19. Nc4 Bd4 20. Rab1 f5 21. Ne2 Bg7 22. Rfd1 f4 (22... fxe4 $11 {keeps the balance.} 23. Qxe4 Ra6) 23. f3 $16 g5 ({Black should play} 23... Rf7) 24. e5 dxe5 25. d6 {[%emt 0:00:27] White is more active.} (25. Nc3 $16) 25... Ne6 $1 $11 (25... Nd5 $2 26. Qe4 e6 27. Nc3 $18 (27. Nxe5 Rf5 $16)) 26. dxe7 Qxe7 27. Qe4 Rfd8 {[%emt 0:01:21] Prevents Rd6.} (27... Nd4 $11) 28. Rxd8+ $14 Rxd8 {[%emt 0:00:05] Black is on the road to losing.} (28... Qxd8 $14 29. Qc6 Qe8 30. Qxe8+ Rxe8) 29. Nxa5 $16 Rd2 (29... Qd7 $16 {keeps fighting.}) 30. Nc4 $36 {[%emt 0:00:33][%mdl 2048] White is on the roll. Pair of Knights!} Rd8 {[%emt 0:00:29] [#]} 31. a5 $1 (31. Nxe5 $2 Nd4 32. Nxd4 Rxd4 $19) 31... Nd4 32. Nc3 Qe6 33. Qb7 h5 $2 (33... e4 {is a better defense.} 34. Qxe4 (34. Nxe4 Nxf3+ 35. Kh1 Nd4 $16) 34... Qc6) 34. a6 g4 (34... Qd7 $142 35. Ra1 Nc6 36. Qxd7 Rxd7) 35. a7 Qc6 36. Qxc6 (36. Qb8 Rf8 37. Ra1 gxh3 {[#]} 38. Qxf8+ $3 Bxf8 39. a8=Q Nxf3+ 40. Kh1 hxg2+ 41. Kxg2 Ne1+ 42. Kf1 Qxa8 43. Rxa8) 36... Nxc6 37. Nb5 ({Don't play} 37. fxg4 e4 $16) 37... e4 38. fxe4 g3 $2 (38... Bd4+ {might work better.} 39. Nxd4 cxd4) 39. Nb6 Nxa7 40. Nxa7 {[%emt 0:00:02] Threatens to win with Nc6.} Rd2 41. Nb5 Re2 42. Nc4 Rxe4 43. Kf1 {[%emt 0:01:35] Against Re2} Re8 44. Nbd6 {[%emt 0:05:58] White is clearly winning.} Ra8 45. Ne4 Ra2 46. Ned2 Bc3 47. Rd1 Kg7 48. Ke2 Kf6 49. Kf3 {[%emt 0:01:45] Strongly threatening Ne4+.} Kf5 50. Nd6+ Ke5 51. N2c4+ Ke6 52. Ne4 {[%emt 0:00:35] Inhibits Rf2+.} Bb4 53. h4 Kf5 54. Rd5+ Ke6 55. Rxh5 {[%emt 0:00:23] Weighted Error Value: White=0.24 (precise) /Black=0.43} 1-0

[Event "26th Womens ECCC 2022"]
[Site "Mayrhofen"]
[Date "2022.10.06"]
[Round "4.24"]
[White "Manova, Ivana"]
[Black "Vidic, Teja"]
[Result "0-1"]
[ECO "C47"]
[WhiteElo "1876"]
[BlackElo "2126"]
[Annotator "TA"]
[PlyCount "126"]
[EventDate "2022.10.03"]
[EventType "team-tourn"]
[EventCountry "AUT"]
[SourceTitle "playchess.com"]
[Source "ChessBase"]
[SourceQuality "1"]
[TimeControl "40/5400+30:1800+30"]

1. e4 {[%emt 0:00:17] Mikhalevski,V} e5 2. Nf3 Nc6 3. Nc3 Nf6 4. d4 exd4 5. Nxd4 Bb4 6. Nxc6 bxc6 7. Bd3 O-O 8. O-O d5 9. exd5 cxd5 10. h3 {[%emt 0:00:12] C47: Scotch Four Knights and Four Knights with 4 g3.} c6 11. Qf3 Re8 12. Bg5 {[%emt 0:02:11] The position is equal.} h6 {[%emt 0:00:17] 12...Rb8 is not played anymore.} 13. Bxf6 Qxf6 14. Qxf6 gxf6 15. Ne2 Rb8 {[%emt 0:06:32] has lost popularity (15...Bd7).} 16. Rad1 a5 17. Ng3 Bd6 18. b3 Bb4 {[%emt 0:12:33] [#]} 19. c4 $146 ({Predecessor:} 19. Nf5 Bxf5 20. Bxf5 Re5 21. Bd7 Rb6 22. Rd3 Re2 23. Bf5 Kf8 24. Re3 Rxe3 25. fxe3 {½-½ (52) Georgiev,V (2515)-Jussupow,A (2665) Linares 1997 CBM 058 [Mikhalevski,V]}) 19... d4 20. Bf5 c5 21. Bxc8 Rbxc8 22. Nh5 Re2 23. Nxf6+ Kg7 24. Nh5+ Kf8 $1 25. a4 Bc3 26. Rb1 Rb8 27. Nf4 {[%emt 0:20:20] Prevents Re6.} Rb2 (27... Re7 $11 {keeps the balance.}) 28. Rxb2 $16 Bxb2 {[%emt 0:00:06][%mdl 4096] Endgame KRB-KRN} 29. Rb1 Rxb3 30. Kf1 d3 31. Nd5 $2 (31. g3 $16) 31... Ra3 $1 $15 32. f4 (32. Ke1 $15 {was preferrable.} Bd4 33. Kd2) 32... Bd4 33. f5 (33. Ke1 $15) 33... Ra2 ({Black should try} 33... Rxa4 $19 {...Ra2 is the strong threat.} 34. Ke1 Rxc4) 34. Rd1 (34. Ke1 $17) 34... Rxa4 $19 35. Rxd3 Rxc4 36. Ra3 Rc2 (36... Rc1+ $17 37. Ke2 Rc2+ 38. Kf3 Rf2+ 39. Ke4 Re2+ 40. Kf4 Rf2+ 41. Ke4 Rxg2 42. Rxa5 Re2+ 43. Kf4 Kg7) 37. g4 $15 Rf2+ 38. Ke1 Rh2 39. Nf4 $2 ({Better is} 39. Rxa5 $15 Rxh3 40. f6) 39... Ke7 (39... Bb2 $19 40. Ra4 Bc3+ 41. Kd1 Bb4) 40. Kd1 Kd6 41. Rxa5 Ke5 {[%emt 0:30:51] Black is more active.} 42. Nd3+ Kd5 43. Ra6 $2 (43. Ra4 $17 {was necessary.}) 43... Ke4 44. Ra3 c4 45. Ne1 c3 46. Ra4 {[%emt 0:00:00][%cal Oa4d4] Threatens to win with Rxd4+!} Rxh3 (46... Rh1 $142 {Strongly threatening ...c2+.} 47. Ke2 Rxh3) 47. Nc2 $19 Rh1+ 48. Ke2 Rh2+ 49. Kd1 {[%emt 0:00:00] [#]} Rd2+ (49... Ke5 $142 $1 50. Rxd4 Rxc2 $1 ) 50. Kc1 $17 f6 ({Black should play} 50... Ke5 $17 {White must now prevent ...Bf2.} 51. Ne1 Ke4) 51. Nxd4 $11 Rxd4 {[%emt 0:00:00] KR-KR} 52. Ra6 h5 53. gxh5 Kxf5 54. Kc2 {[%emt 0:00:00] Inhibits Rd3.} Rc4 {[%emt 0:02:36] next ...Kg5 is good for Black.} 55. Ra5+ $1 Kg4 56. h6 Rc7 57. Ra8 $2 {[%emt 0:02:22][%mdl 8192] [#]} (57. Ra1 $11) 57... Kg5 $1 $19 58. h7 Rxh7 {[%emt 0:00:10] ( -> ...f5)} 59. Kxc3 Rd7 60. Rg8+ Kf4 61. Rf8 f5 {[%emt 0:00:10] Black is clearly winning.} 62. Rf6 Ke4 63. Re6+ {[%emt 0:00:32] [#]} Kf3 $1 {[%emt 0:00:04] Weighted Error Value: White=0.58/Black=0.22 (precise)} 0-1

[Event "26th Womens ECCC 2022"]
[Site "Mayrhofen"]
[Date "2022.10.06"]
[Round "4.25"]
[White "Eric, Jovana"]
[Black "Enkhtuul, Altan-Ulzii"]
[Result "1-0"]
[ECO "C11"]
[WhiteElo "2252"]
[BlackElo "2295"]
[Annotator "TA"]
[PlyCount "117"]
[EventDate "2022.10.03"]
[EventType "team-tourn"]
[EventCountry "AUT"]
[SourceTitle "playchess.com"]
[Source "ChessBase"]
[SourceQuality "1"]
[TimeControl "40/5400+30:1800+30"]

1. e4 e6 2. d4 d5 3. Nc3 Nf6 4. e5 Nfd7 5. f4 c5 6. Nf3 Nc6 7. Be3 a6 8. Qd2 b5 9. dxc5 Bxc5 10. Bd3 {[%emt 0:00:46] C11: French: Classical System: 4 e5 and 4 Bg5 dxe4.} Qb6 ({Don't take} 10... d4 11. Nxd4 Nxd4 12. Ne4 $16) 11. Bf2 Bxf2+ (11... O-O {is more complex.} 12. a3 Bb7 13. O-O h6) 12. Qxf2 {[%emt 0:00:06] The position is equal.} Qxf2+ 13. Kxf2 Nc5 14. Ne2 O-O 15. Ned4 (15. Ke3 {keeps more tension.} Bd7 16. a3 h5 17. Ned4) 15... Nxd4 16. Nxd4 f6 {[%emt 0:00:41] aiming for ...fxe5.} 17. Ke3 Bd7 {[%emt 0:00:56] [#]} 18. g4 $146 ({Predecessor:} 18. Rhf1 b4 19. Rae1 f5 20. Rg1 Kf7 21. g4 g6 22. h4 Na4 23. b3 Nc3 24. h5 {1-0 (40) Andronescu,M (2124)-Iustin,S (1980) Mamaia 2019}) 18... Rae8 19. h4 Bc8 20. Rhf1 Bb7 21. g5 fxe5 22. fxe5 Rxf1 23. Rxf1 Nd7 24. Nf3 {[%emt 0:08:13] White is much more active.} Rf8 25. h5 Bc8 26. c3 Bb7 27. Nd4 ({White should try} 27. b3 $16) 27... Rxf1 $14 28. Bxf1 {[%emt 0:00:04][%mdl 4096] Endgame KBN-KBN} Kf7 {[%emt 0:07:21] Loses the game.} (28... Nxe5 $14 29. Nxe6 Nc4+ 30. Kd4 Nxb2) 29. Bh3 $18 Nf8 {[%emt 0:10:31] [#]} 30. Nb3 $1 Ke7 ({Not} 30... Nd7 31. Nd4 Nf8 32. Nb3 $16) 31. Kd4 Kd8 32. Nc5 Bc8 {[%emt 0:00:06] [#]} 33. b4 $1 Kc7 34. a4 bxa4 35. Nxa4 Kc6 36. Nc5 Kb6 37. h6 g6 (37... gxh6 38. gxh6 a5 39. bxa5+ Kxa5) 38. Bf1 Ka7 39. Bd3 Kb6 40. Na4+ Kc6 41. Nb2 Kc7 $2 (41... Kb6 42. Na4+ Kc7) 42. Nd1 Kb6 43. Nf2 Bd7 44. Ng4 Bb5 45. Bc2 {[%emt 0:00:00] Hoping for Nf6.} Bf1 46. Nf6 Bg2 47. Ba4 Kc7 48. Be8 Bh1 49. Bf7 Kd8 50. Bg8 Ke7 51. Bxh7 Nxh7 52. Nxh7 {[%emt 0:00:00] KB-KN. White mates.} Bf3 53. Nf6 Kf7 54. Kc5 Be2 55. Kb6 Bb5 56. Kc7 Be2 57. Nd7 Bb5 58. Nc5 Bc4 59. Kb6 {[%emt 0:00:00] Weighted Error Value: White=0.11 (very precise) /Black=0.36} 1-0

[Event "26th Womens ECCC 2022"]
[Site "Mayrhofen"]
[Date "2022.10.06"]
[Round "4.26"]
[White "Klek, Hanna Marie"]
[Black "Blagojevic, Tijana"]
[Result "1-0"]
[ECO "C50"]
[WhiteElo "2301"]
[BlackElo "2266"]
[Annotator "TA"]
[PlyCount "105"]
[EventDate "2022.10.03"]
[EventType "team-tourn"]
[EventCountry "AUT"]
[SourceTitle "playchess.com"]
[Source "ChessBase"]
[SourceQuality "1"]
[TimeControl "40/5400+30:1800+30"]

1. e4 e5 2. Nf3 Nc6 3. Bc4 d6 4. d4 Nf6 5. Ng5 d5 (5... Nxd4 $2 6. Nxf7 (6. Bxf7+ Ke7 $14) 6... Qe7 7. Nxh8 $18) 6. dxe5 {[%emt 0:06:17] C56: Two Knights: 4 d4 exd4 5 0-0 Nxe4.} (6. exd5 {looks sharper.} Nxd4 7. c3 Nf5 8. d6) 6... dxc4 7. Qxd8+ Nxd8 8. exf6 {[%emt 0:00:05] The position is equal.} gxf6 9. Nf3 {[%emt 0:00:08] [#]} Nc6 $146 ({Predecessor:} 9... Rg8 10. O-O Bh3 11. Ne1 Bc5 12. Be3 Ne6 13. Kh1 Bg4 14. Nc3 b6 15. Nd5 Be7 16. f3 Bh5 17. Rd1 Bd8 18. g4 Bg6 19. h4 {1-0 (19) McMillan,L-Junkeer,J IECG email 2002}) 10. Bf4 Nb4 11. Kd1 Bc5 ({But not} 11... Bg4 12. Bxc7 Rg8 13. Nc3 $14) (11... Rg8 $11 12. Nh4 (12. a3 Nc6 $11) 12... Be6) 12. Bxc7 Bxf2 13. Bd6 Na6 ({Better is} 13... Nc6 $11) 14. Nc3 {[%emt 0:02:37] Strongly threatening Nd5.} Be6 15. Ke2 Bb6 16. Rad1 {[%emt 0:06:34] White is more active.} ({Stronger than} 16. Nd5 Bxd5 17. exd5 O-O-O $17) (16. a4 $16) 16... Rg8 $11 17. g3 O-O-O 18. Be7 $36 {[%emt 0:06:12][%csl LRd8,LRf6][%mdl 2048] White has the initiative.} Rxd1 19. Rxd1 f5 20. e5 ({White should play} 20. Ng5 $14) 20... f4 21. Bg5 (21. Ne4 $11) 21... fxg3 $15 22. hxg3 f6 (22... Nb4 $15 {stays ahead.}) 23. exf6 $16 {[%emt 0:05:09] aiming for Ne4.} Bg4 24. f7 Rf8 {[%emt 0:00:55] [#]} 25. Ne4 (25. Nb5 $1 $16 {[%cal Rb5d6] Black must now prevent Nd6+.} Bc5 26. Rd5) 25... Bc7 $11 {[%emt 0:09:35] A strong pair of Bishops.} 26. Rd4 Rxf7 27. Nd6+ Bxd6 28. Rxg4 Rc7 29. Bf6 Nb4 $2 {[%emt 0:03:06] [#]} (29... b5 $11) 30. Rg8+ $1 $18 Kd7 31. Nd4 Rc8 {[%emt 0:07:17] Against Rd8+} 32. Rg7+ Ke8 33. Rxh7 (33. Rxb7 $18 Nd5 34. Nf5 Bxg3 35. Nxg3 Nxf6 36. Nf5 (36. Rxa7 Rb8 $16)) 33... Rc7 $16 34. Rxc7 Bxc7 {[%emt 0:00:02][%mdl 4096] Endgame KBN-KBN} 35. a3 Nd5 36. Bh4 Be5 37. c3 Nb6 38. Kd2 (38. Nf3 $5 Bc7 39. Kd1 $14) 38... Na4 39. Kc2 Nc5 40. Nf3 Bd6 41. g4 a5 (41... a6 $142) 42. Bf2 {[%emt 0:12:05] Hoping for Bxc5.} Nd7 (42... Nd3 $16) 43. a4 $18 {[%emt 0:00:00] Nd2 is the strong threat.} Bf4 (43... Nf6 {was called for.} 44. Nd2 Nxg4) 44. Bd4 Kf7 45. Nd2 Kg6 46. Nxc4 Bc7 47. Be3 Nf6 48. g5 Nd5 49. Kd3 Bd8 $2 (49... Kf5 50. Kd4 Ne7) 50. Ke4 {[%emt 0:00:00] White is clearly winning.} Nxe3 51. Kxe3 Bxg5+ 52. Ke4 Bd8 53. Kd5 {[%emt 0:00:00] Weighted Error Value: White=0.18 (very precise) /Black=0.40} 1-0

[Event "26th Womens ECCC 2022"]
[Site "Mayrhofen"]
[Date "2022.10.06"]
[Round "4.27"]
[White "Gajcin, Marina"]
[Black "Navrotescu, Andreea"]
[Result "1-0"]
[ECO "B40"]
[WhiteElo "2228"]
[BlackElo "2287"]
[Annotator "TA"]
[PlyCount "123"]
[EventDate "2022.10.03"]
[EventType "team-tourn"]
[EventCountry "AUT"]
[SourceTitle "playchess.com"]
[Source "ChessBase"]
[SourceQuality "1"]
[TimeControl "40/5400+30:1800+30"]

1. e4 c5 2. Nf3 e6 3. d4 cxd4 4. Nxd4 Nf6 5. Nc3 Nc6 6. Ndb5 Bc5 7. Bf4 {[%emt 0:07:44] 7.Bf4 is better than 7.Nd6+.} O-O {[%emt 0:01:34] B45: Sicilian Four Knights.} 8. Bc7 Qe7 {[%emt 0:00:07] aiming for ...d5.} 9. Bd6 $1 Bxd6 {[%emt 0:00:09] White has an edge.} 10. Qxd6 Qd8 11. Qd2 (11. Nc7 $14 Rb8 12. Be2) 11... a6 12. Nd6 b5 13. a3 Qb6 14. Be2 {[%emt 0:04:57] [#]} Bb7 $146 ({Predecessor:} 14... Ne8 15. Rd1 Nxd6 16. Qxd6 Bb7 17. O-O Rad8 18. Kh1 b4 19. Na4 Qa5 20. Nc5 Bc8 21. Rd3 f5 22. Bf3 Rf7 23. exf5 Rxf5 {½-½ (55) Perske,T (1956)-Kickert,G (1925) Xanten 2011}) 15. Nxb7 (15. O-O-O $14 {might be stronger.}) 15... Qxb7 $11 16. O-O Rfd8 17. Bd3 d6 18. Kh1 e5 19. Nd5 Nxd5 20. exd5 Ne7 21. Rfd1 Rac8 22. c3 (22. a4 {keeps more tension.} Qxd5 23. axb5 axb5 24. Ra7) 22... Rc5 (22... Qxd5 $2 23. Bxh7+ $1 Kxh7 24. Qc2+ Kg8 25. Rxd5 Nxd5 26. Qf5 $16) (22... Nxd5 $2 23. Be4 $18) 23. Be4 f5 24. Bc2 Kh8 25. Qg5 Rf8 26. Rd3 Rf6 (26... Nxd5 $6 27. Rad1 $11) 27. Rad1 Rg6 (27... Nxd5 $2 28. Bb3 $18) 28. Qd2 Rc4 29. Rg3 Rxg3 (29... Rf6 {seems wilder.} 30. Qg5 Rf7 31. Rf3 Qc8) 30. hxg3 Rg4 31. Kg1 Qb6 32. Qd3 g6 33. Kf1 Ng8 (33... Kg7 {is more complex.} 34. Qd2 Rc4 35. Qg5 Qa7) 34. Qd2 Kg7 (34... Rc4 $15 {is more appropriate.}) 35. Ra1 (35. Bd3 $1 $11) 35... Nf6 (35... Rc4 $1 $17) 36. Bd1 ({White should play} 36. b3 $15) 36... Rc4 $1 $17 37. Bb3 Rc7 38. a4 (38. Re1 $17) 38... Ne4 39. Qe2 Rf7 {[%emt 0:02:23][%cal Of5f4] Threatens to win with ...f4!} 40. Bc2 Nf6 $1 41. Rd1 Nh5 ({Better is} 41... Qc5 42. axb5 axb5) 42. Rd3 e4 (42... Rb7 $17 {White must now prevent ...bxa4.} 43. axb5 axb5) 43. Rd4 $15 Qc5 44. Qe3 (44. Ke1 $15) 44... Nf6 $17 45. b4 Qc8 46. c4 (46. Bd1 $17) 46... bxc4 $2 (46... Rc7 $1 $19 47. c5 dxc5 48. bxc5 Rxc5) 47. Qc3 $11 Rc7 48. Bd1 (48. g4 $1 $11 {keeps the balance.}) 48... g5 (48... Qe8 $17 {...Qe5 is the strong threat.} 49. Rxc4 Rxc4 50. Qxc4 Qe5 51. Qc7+ Kh6) 49. Be2 $2 {[%emt 0:00:23] [#]} (49. a5 $1 $11) 49... Kg6 $2 (49... Qe8 $1 $17 50. Rxc4 Rxc4 51. Bxc4 Qxa4) 50. Rxc4 Nxd5 51. Rxc7 Qxc7 {[%emt 0:00:09][%mdl 4096] Endgame KQB-KQN} (51... Nxc3 $2 52. Rxc8 Nxa4 53. Rc6 $18) 52. Qd2 Nc3 53. Bxa6 Nxa4 54. Bb5 {[%emt 0:00:40] Prevents Qc6.} Nc3 55. Be8+ {[%emt 0:00:06][%mdl 64] Deflection} Kg7 $2 (55... Kf6 $11 {and Black has nothing to worry.} 56. Kg1 Ke7) 56. Qd4+ $2 (56. Qxg5+ $18 {and the rest is easy.} Kf8 57. Bh5 Qc4+ 58. Kg1) 56... Kf8 {[%emt 0:02:53] [#]} (56... Kg8 $16) 57. Qh8+ ({But not} 57. Qf6+ $2 Kxe8 58. Qxg5 (58. Qh8+ $2 Kd7 $19) 58... Qf7 $19) (57. Bh5 $1 $18 {White threatens Qh8+ and mate.} Kg8 58. Qf6) 57... Ke7 $16 58. Qxh7+ Kd8 59. Qg8 {[%emt 0:00:46] White wants to mate with Bg6+.} Kc8 $2 (59... Ke7 $14) 60. Bc6+ $18 Qd8 61. Qc4 Nd1 62. Qa6+ {[%emt 0:00:15] Never resign too early!  Weighted Error Value: White=0.30/Black=0.44} 1-0

[Event "26th Womens ECCC 2022"]
[Site "Mayrhofen"]
[Date "2022.10.06"]
[Round "4.28"]
[White "Thomas, Apolline"]
[Black "Zarkovic, Mila"]
[Result "0-1"]
[ECO "B23"]
[WhiteElo "1942"]
[BlackElo "2219"]
[Annotator "TA"]
[PlyCount "108"]
[EventDate "2022.10.03"]
[EventType "team-tourn"]
[EventCountry "AUT"]
[SourceTitle "playchess.com"]
[Source "ChessBase"]
[SourceQuality "1"]
[TimeControl "40/5400+30:1800+30"]

1. e4 c5 2. Nc3 e6 3. Nf3 Nc6 4. Bb5 Nge7 5. d4 cxd4 6. Nxd4 {[%emt 0:00:06] B30: Sicilian: 2...Nc6 3 Bb5, lines without ...g6.} a6 {[%emt 0:13:57] White must now prevent ...Nxd4.} 7. Nxc6 Nxc6 8. Be2 {[%emt 0:07:06] The position is equal.} Be7 9. Be3 b5 {[%emt 0:00:22] Inhibits Na4.} 10. a3 O-O 11. O-O Bb7 12. f4 d6 {[%emt 0:00:11] [#]} 13. Bg4 $146 ({Predecessor:} 13. Bf3 Qc7 14. Qe1 Na5 15. Qg3 Bf6 16. Rad1 Nc4 17. Bd4 Bxd4+ 18. Rxd4 {0-1 (41) Botton Lazo,R-Llacsahuanga,D (2064) Piura 2013}) 13... Bf6 14. f5 Qe7 15. fxe6 fxe6 16. Rxf6 Qxf6 (16... Rxf6 $6 17. Bg5 $15) 17. Qxd6 Rae8 18. Bh5 (18. Rd1 $15 {should be considered.}) 18... Rd8 {[%emt 0:09:36] The board is on fire.} 19. Qg3 (19. Qc7 Nd4 $1 20. Rb1 (20. Qxb7 $2 Nxc2 21. e5 Qxe5 $19) 20... Nxc2 $17) 19... Qe5 (19... g6 $15) 20. Qxe5 $1 $11 Nxe5 21. Bc5 Rf4 22. g3 $40 {[%emt 0:01:04][%mdl 128] White has some attack.} Nf3+ $2 {[%emt 0:01:36][%mdl 8192] [#]} (22... Rf3 $11 {and Black has nothing to worry.}) 23. Kf2 $1 $18 Rd2+ 24. Ke3 Rxh2 25. Bxf3 {[%emt 0:02:40] This bishop pair is nice.} ({Less strong is} 25. Kxf4 Rxh5 26. Bd6 (26. Kxf3 Rxc5 27. Rd1 Bc8 $11) 26... Ng5 $14) 25... Rf6 26. Rd1 h5 27. Rd8+ Kh7 28. Rd7 Bc6 29. Rd6 Bb7 30. Ne2 e5 31. Rd8 Rf7 32. Rf8 $2 (32. Bd6 $18 {is the precise move to win.}) 32... Rxf8 $16 33. Bxf8 {[%emt 0:00:01] aiming for Bd6.} Kg6 $2 (33... g5 $16) 34. Be7 Kf7 35. Bd8 g6 (35... Bc8 {might work better.} 36. Bc7 Kf6) 36. b3 Ke6 (36... Bc8 {is a better defense.} 37. c4 Be6) 37. c4 bxc4 38. bxc4 Bc6 39. c5 Kd7 40. Bf6 Ke6 41. Bd8 Kd7 42. Bg5 Ke6 {[%emt 0:01:51] [#]} 43. Nc3 (43. Bh4 $142 $1) 43... Rc2 44. Kd3 Rf2 45. Bd1 Rg2 46. Bh4 ({Don't take} 46. Bb3+ Kd7 47. g4 hxg4 $11) (46. Ne2 $16 {stays on course.}) 46... g5 $1 $17 {[%emt 0:02:38][%mdl 64] Decoy. Black is more active.} 47. Bxg5 $2 (47. Bxh5 $15 gxh4 48. gxh4) 47... Rxg3+ $19 48. Be3 h4 {[%emt 0:00:18][%cal Bh5h4,Bh4h3,Bh3h2][%mdl 32] And now ...h3 would win.} 49. Bb3+ Kd7 50. Nd1 h3 {[%emt 0:10:44] ...h2 is the strong threat.} 51. Nf2 Bb5+ 52. Kd2 Rg2 {[%emt 0:00:33] Threatens to win with ...h2.} 53. Ke1 h2 {[%emt 0:00:18][%cal Og2f2] ( -> ...Rxf2!)} 54. Bd1 {[%emt 0:00:24] [#]} Rxf2 $1 {[%emt 0:00:29][%mdl 576] Promotion.  Weighted Error Value: White=0.88/Black=0.36} 0-1

[Event "26th Womens ECCC 2022"]
[Site "Mayrhofen"]
[Date "2022.10.06"]
[Round "4.29"]
[White "Ptacnikova, Lenka"]
[Black "Peglau, Charis"]
[Result "1-0"]
[ECO "A13"]
[WhiteElo "2055"]
[BlackElo "1960"]
[Annotator "TA"]
[PlyCount "125"]
[EventDate "2022.10.03"]
[EventType "team-tourn"]
[EventCountry "AUT"]
[SourceTitle "playchess.com"]
[Source "ChessBase"]
[SourceQuality "1"]
[TimeControl "40/5400+30:1800+30"]

1. c4 e6 2. Nf3 Nf6 3. e3 d5 4. b3 Be7 5. Bb2 O-O 6. Be2 c5 7. cxd5 Nxd5 8. O-O Nc6 9. a3 b6 {[%emt 0:02:22] A13: English Opening: 1...e6.} 10. Qc2 Bb7 11. Rd1 Rc8 {[%emt 0:02:16] The position is equal.} 12. d3 Bf6 13. Nbd2 {[%emt 0:07:29] [#]} Bxb2 $146 ({Predecessor:} 13... Qe7 14. Rac1 Rfd8 15. Nc4 Ba8 16. Bf1 Bb7 17. Qb1 Ba8 18. Rc2 Bxb2 19. Qxb2 Qf6 {½-½ (29) Stein,B (2360)-Heidrich,M (2260) Germany 1987}) 14. Qxb2 Qf6 15. Qxf6 Nxf6 16. Nc4 Rfd8 {[%emt 0:01:30] Prevents Nd6.} 17. h3 Nd5 18. Rdc1 {[%emt 0:00:34] Against Nc3} f6 19. g4 g5 20. Kh2 Kg7 21. Kg3 h6 22. h4 Rc7 23. Rc2 Rcd7 24. Rac1 Nde7 25. hxg5 hxg5 26. Bf1 Ng6 27. Nb2 Nce5 28. Nxe5 Nxe5 29. b4 $1 Ba6 (29... cxb4 $11 30. axb4 f5) 30. d4 Bxf1 31. dxe5 Bd3 (31... Rd2 $1 $14 32. Rxd2 Rxd2) 32. Nxd3 $16 Rxd3 33. bxc5 fxe5 34. cxb6 axb6 {[%emt 0:00:08][%mdl 4096] Endgame KRR-KRR} 35. Rc7+ R8d7 36. Rxd7+ Rxd7 {[%emt 0:00:02] KR-KR} 37. Rc6 Kf6 38. Rxb6 Ra7 39. Rb3 Ra4 40. f3 {[%emt 0:00:46] And now e4 would win.} Ra5 $2 {[%emt 0:02:54] [#]} ({Black should play} 40... e4 $1 $14) 41. e4 $1 $18 Ke7 42. Rd3 Ra6 43. Kf2 Rb6 44. Ke2 Rb2+ {[%emt 0:02:35] [#]} (44... Rb8 $16 45. a4 Ra8) 45. Kd1 $1 Rf2 (45... Ra2 $18 46. Kc1 Rh2) 46. Kc1 $16 {[%emt 0:00:00] Kb1 is the strong threat.} Rf1+ $2 {[%emt 0:00:25][%mdl 8192] Loses the game.} (46... Rh2 $16 47. Kb1 Rh8) 47. Kb2 $18 Rf2+ 48. Kb3 {[%emt 0:00:00] White wants to mate with a4.} Rf1 49. a4 Rb1+ 50. Kc4 Ra1 51. Kb4 {[%emt 0:00:00] Threatening mate with a5.} Rb1+ 52. Rb3 Ra1 53. Kb5 Kd6 54. a5 {[%emt 0:00:34] Kb6 would kill now.} Kc7 55. a6 Ra2 56. Rc3+ Kd7 57. Rc4 Ra1 58. Ra4 Rb1+ 59. Rb4 (59. Ka5 $142 Kc8 60. Rc4+ Kb8 61. Rb4+ Rxb4 62. Kxb4 Ka8 63. Kc4 Ka7 64. Kb5) 59... Ra1 60. Kb6 {[%emt 0:00:27] White mates.} Kc8 61. a7 Ra3 62. Rc4+ Kd7 63. Rc5 {[%emt 0:00:18] Weighted Error Value: White=0.07 (flawless) /Black=0.41} 1-0